 Dungeon Crawl Stone Soup version 0.14-a0-1097-gc7db7fc (webtiles) character file.

138760 4tharraofdagon the Severer (level 16, -12/151 (152) HPs)
             Began as a Deep Dwarf Fighter on Nov 28, 2013.
             Was the Champion of Makhleb.
             Mangled by the royal jelly (18 damage)
             ... on Level 6 of the Pits of Slime.
             The game lasted 01:56:11 (10942 turns).

4tharraofdagon the Severer (Deep Dwarf Fighter)    Turns: 10942, Time: 01:56:11

HP -12/151 (152) AC 17     Str 25      XL: 16   Next: 71%
MP   3/8         EV  7     Int 11      God: Makhleb [******]
Gold 200         SH  0     Dex 14      Spells:  0 memorised, 15 levels left

rFire  + + .     SeeInvis .     F - +4,+7 battleaxe (antimagic)
rCold  + + .     Clarity  .     J - +4 plate armour {rF+}
rNeg   + . .     Conserve .     (no shield)
rPois  .         rCorr    +     a - -5 helmet "Coxas" {rC++}
rElec  +         rRot     .     c - -1 cloak of Ranura {Dex+2 Stlth++}
SustAb + .       Spirit   .     q - +0 pair of gauntlets
rMut   .         Warding  .     (no boots)
Saprov . . .     RndTele  +     j - amulet of resist corrosion
                                x - ring of Sin {rElec AC+2}
                                l - ring of But Pag {SustAb rF+ Stlth}

@: non-regenerating, studying Armour, very slightly contaminated, rotting,
hasted, very quick, very resistant to hostile enchantments, extremely unstealthy
A: damage resistance, recharge devices, talons 1, deformed body, herbivore 1,
life protection 1, sense surroundings 2, screaming 1, slow healing 3,
teleportitis 1
a: Device Recharging, Minor Destruction, Lesser Servant of Makhleb, Major
Destruction, Greater Servant of Makhleb, Renounce Religion


You were on level 6 of the Pits of Slime.
You worshipped Makhleb.
Makhleb was exalted by your worship.
You were full.

You visited 6 branches of the dungeon, and saw 34 of its levels.
You visited the Abyss 2 times.
You also visited: Labyrinth and Ossuary.

You collected 3138 gold pieces.
You spent 2938 gold pieces at shops.

Inventory:

Hand weapons
 i - a +2,+1 vampiric broad axe
 F - a +4,+7 anti-magic battleaxe (weapon)
 I - a +1,+0 executioner's axe of venom
Missiles
 H - 8 exploding darts (quivered)
Armour
 a - the -5 helmet "Coxas" (worn) {rC++}
   (You found it on level 11 of the Dungeon)

   It greatly protects you from cold.
 c - the -1 cloak of Ranura (worn) {Dex+2 Stlth++}
   (You bought it in a shop on level 4 of the Orcish Mines)

   It affects your dexterity (+2).
   It makes you much more stealthy.
 h - a +0 dwarven shield
 q - a +0 pair of gauntlets (worn)
 E - a +0 golden helmet of intelligence
 J - a +4 plate armour of fire resistance (worn)
 L - a +2 dwarven cloak of poison resistance
Magical devices
 d - a wand of heal wounds (3)
 o - a wand of fire (0)
 p - a wand of digging (5)
 z - a wand of digging (11)
 G - a wand of cold (8)
Comestibles
 f - 7 bread rations
 g - 8 meat rations
 K - 3 snozzcumbers
Scrolls
 m - 4 scrolls of teleportation
 t - 3 scrolls of magic mapping
 U - 2 scrolls of remove curse
 X - a scroll of fog
Jewellery
 e - an uncursed ring of teleport control
 j - an amulet of resist corrosion (around neck)
 l - the ring of But Pag (left hand) {SustAb rF+ Stlth}
   (You took it off a deep elf death mage on level 3 of the Elven Halls)

   [ring of sustain abilities]

   It protects you from fire.
   It makes you more stealthy.
 n - an uncursed ring of teleportation
 v - an uncursed ring of poison resistance
 x - the ring of Sin (right hand) {rElec AC+2}
   (You found it on level 11 of the Dungeon)

   [ring of protection]

   It affects your AC (+2).
   It insulates you from electricity.
 B - an uncursed amulet of resist mutation
 R - an uncursed ring of flight
 S - an uncursed ring of see invisible
Potions
 b - a potion of agility
 r - a potion of invisibility
 s - 7 potions of restore abilities
 u - a potion of magic
 A - a potion of resistance
 Q - a potion of brilliance
 T - 8 potions of curing
Books
 C - a tome of Destruction
 V - a manual of
Armour
 Z - the Handbook of Good Luck and Dislocation
   (You found it on level 3 of the Elven Halls)

   Spells                             Type                      Level
   Infusion                           Charms                       1
   Repel Missiles                     Charms/Air                   2
   Shroud of Golubria                 Charms/Translocation         2
   Control Teleport                   Charms/Translocation         4
   Excruciating Wounds                Charms/Necromancy            5
Miscellaneous
 y - a lamp of fire (inert)
 M - a fan of gales
 P - a lamp of fire (inert)
 Y - a plain deck of wonders {the Potion}


   Skills:
 + Level 13.0 Fighting
 * Level 20.1 Axes
 + Level 15.9 Armour
   Level 3.2 Shields
 - Level 5.0 Invocations
 + Level 16.4 Evocations


You had 15 spell levels left.
You didn't know any spells.

Dungeon Overview and Level Annotations

Branches:
Dungeon (12/16)            Temple (1/1) D:5             Orc (4/4) D:9
    Elf (3/3) Orc:4          Lair (8/8) D:11          Swamp (0/5) Lair:4
  Slime (6/6) Lair:8
 Shoals: Lair:3-6     Snake: Lair:3-6    Spider: Lair:3-6

Altars:
Cheibriados
Fedhas
Makhleb
Okawaru
Sif Muna
Trog
Vehumet
Xom
Yredelemnul
Zin
Beogh

Shops:
D:8 *!}%=   D:9 (   D:10 (   Orc:4 ?([[   Elf:1 ?   Elf:3 (*}

Annotations:
D:12 Sonja
Lair:1 exclusion: oklob plant
Slime:6 Royal Jelly


Innate Abilities, Weirdness & Mutations

You are resistant to damage.
You can recharge devices by infusing magical energy.
You resist negative energy.
You passively map the area around you.
You do not heal naturally.
You have sharp toenails.
Armour fits poorly on your strangely shaped body.
You digest meat inefficiently.
You occasionally shout uncontrollably.
Space occasionally distorts in your vicinity.


Message History

The royal jelly hits you!
* * * LOW HITPOINT WARNING * * *
You are splashed with acid!
The acid burns!
You resist.
Unknown command.
Unknown command.
You hit the royal jelly but do no damage.
You claw the royal jelly, but do no damage.
The royal jelly is heavily wounded.
You slash the acid blob!
The acid blob is heavily wounded.
The death ooze hits you!
* * * LOW HITPOINT WARNING * * *
You feel your flesh rotting away! The death ooze barely misses you.
The acid blob is engulfed in roaring flames.
The acid blob hits you!
* * * LOW HITPOINT WARNING * * *
You are splashed with acid!
The acid burns!
You resist.
The royal jelly is engulfed in roaring flames.
The royal jelly hits you!
You die... ,, , ,*, , , , , ,* * ,*** * , ** * * , , * * * , * , * , * , ,# , ##, , ,* ..### , JJ#

, , , ,.....## ##J# *** ,
........# #@J# * ,
...........#####J###* ,,
.............#.#J#.##...,
, ,
.........................
........................,
,
........................
........................
, .......................
#...<.................. ,
,


You could see the royal jelly, an acid blob, 2 death oozes and an ooze.

Vanquished Creatures
  Saint Roka (Orc:4)
  4 deep elf blademasters (Elf:3)
  3 deep elf master archers (Elf:3)
  4 acid blobs
  The ghost of ark the Spry, a mighty KoAs of Kikubaaqudgha (Elf:3)
  Rupert (Lair:6)
  A revenant (Abyss:2)
  An orc warlord (Orc:4)
  A tentacled starspawn (Abyss:2)
  6 deep elf sorcerers (Elf:3)
  4 azure jellies
  2 stone giants (Abyss:1)
  An ophan (Abyss:1)
  6 deep elf demonologists (Elf:3)
  4 deep elf annihilators (Elf:3)
  A merfolk javelineer (Abyss:2)
  A death ooze (Slime:3)
  6 deep elf death magi (Elf:3)
  3 deep elf high priests (Elf:3)
  2 great orbs of eyes
  A hydra (Lair:2)
  4 thrashing horrors
  8 death yaks (Lair:8)
  2 wretched stars
  2 orc high priests
  A hell knight (Abyss:1)
  A centaur warrior (Abyss:1)
  A spectral elf (Elf:3)
  A catoblepas (Lair:8)
  2 deep elf knights
  An unseen horror (D:10)
  6 giant amoebae
  An orc knight (Orc:4)
  Pikel (D:8)
  A giant orange brain (Abyss:2)
  A spectral siren (Abyss:2)
  2 large abominations (Abyss:2)
  A hill giant (D:10)
  A harpy (Abyss:2)
  A griffon (Lair:5)
  4 shining eyes
  8 deep elf conjurers
  3 orc sorcerers
  2 elephants (Lair:8)
  2 black mambas
  8 deep elf summoners
  A guardian serpent (shapeshifter) (Elf:2)
  A tormentor (Abyss:1)
  A smoke demon (Elf:3)
  2 efreet
  A yaktaur (Abyss:1)
  2 spiny frogs
  A demonic crawler (Elf:2)
  A fire drake (shapeshifter) (Elf:2)
  4 deep elf priests
  5 trolls
  A komodo dragon (Lair:3)
  A two-headed ogre (Abyss:1)
  A baby alligator (shapeshifter) (Abyss:1)
  11 blink frogs
  A death drake skeleton (Abyss:1)
  9 deep elf magi
  6 brown oozes
  21 slime creatures
  A grizzly bear (Lair:8)
  2 wyverns
  An elephant slug (Lair:8)
  4 tarantellas
  5 redbacks
  14 yaks
  A chaos spawn (Elf:3)
  2 merfolk (Abyss:2)
  A shark (Abyss:2)
  9 deep elf fighters
  20 wolves
  2 ynoxinuls
  7 hippogriffs
  3 manticores
  2 hungry ghosts (D:8)
  2 golden eyes (Abyss:2)
  A neqoxec (Elf:3)
  The ghost of 4tharraofdagon the Digger, an average HaWn of Makhleb (Ossuary)
  8 porcupines
  3 raijus
  A spectral shapeshifter (Abyss:2)
  6 ice beasts
  3 hell hounds (Abyss:2)
  6 small abominations
  A phantom (D:6)
  23 orc warriors
  4 slaves (D:8)
  7 ogres
  2 centaurs
  2 tengu (D:9)
  A lost soul (Elf:3)
  7 crocodiles
  6 wargs
  7 giant frogs
  2 giant slugs
  9 water moccasins
  Blork the orc (D:6)
  3 eyes of draining
  A hippogriff zombie (D:8)
  14 wights
  A yak skeleton (D:9)
  2 troll skeletons (Orc:4)
  2 centaur zombies
  A crimson imp (D:6)
  A goliath beetle (D:10)
  6 jellies
  A giant frog zombie (D:6)
  9 scorpions
  A gnoll shaman (D:6)
  9 hounds
  18 orc priests
  4 iguanas
  15 orange rats
  3 worker ants
  4 grizzly bear simulacra (D:8)
  21 orc wizards
  3 big kobold zombies (Ossuary)
  A sky beast zombie (D:11)
  A hound zombie (D:5)
  An ogre skeleton (Orc:4)
  4 mummies
  14 adders
  3 gnolls (D:6)
  2 giant centipedes
  19 green rats
  A giant mite (Lair:3)
  A white imp (Abyss:2)
  A hound simulacrum (D:8)
  2 worms
  3 ufetubi
  5 scorpion zombies (Ossuary)
  3 giant eyeballs
  3 sheep simulacra (D:8)
  7 giant geckos
  3 oozes
  161 orcs
  A bat skeleton (D:6)
  A bat zombie (D:6)
  A giant cockroach (D:7)
  5 gnoll zombies (Ossuary)
  4 goblins
  7 hobgoblins
  8 jackals
  3 quokkas
  A ball python (D:8)
  9 bats
  4 giant newts
  A giant spore (D:8)
  4 goblin zombies (Ossuary)
  A hobgoblin skeleton (Orc:4)
  3 hobgoblin zombies (Ossuary)
  3 kobolds
  10 orc skeletons (Orc:4)
  2 orc zombies (Orc:4)
  14 rats
  2 rat simulacra (D:8)
  A rat skeleton (D:6)
  4 ballistomycetes (D:8)
  9 butterflies (Elf:3)
  A crawling corpse (Elf:3)
  2 fungi
  3 plants
824 creatures vanquished.

Vanquished Creatures (collateral kills)
  2 deep elf master archers (Elf:3)
  2 deep elf blademasters (Elf:3)
  3 deep elf sorcerers (Elf:3)
  An orc warlord (Abyss:1)
  A cacodemon (Elf:3)
  6 deep elf annihilators (Elf:3)
  An ettin (Abyss:1)
  2 deep elf death magi (Elf:3)
  A minotaur (Lab)
  Fannar (Orc:4)
  A hydra (Lair:8)
  A spectral elf (Elf:3)
  A deep troll shaman (Lair:8)
  A deep elf knight (Elf:3)
  A sun demon (Elf:3)
  A spectral anaconda (Abyss:2)
  2 harpies (Abyss:2)
  A hill giant (D:10)
  5 yaks
  3 deep elf magi (Elf:3)
  3 deep elf fighters (Elf:3)
  2 golden eyes (Abyss:2)
  2 wolves (Lair:1)
  A porcupine (Lair:2)
  An ice beast (Elf:3)
  A black bear (Lair:8)
  2 giant slugs
  An agate snail (Lair:1)
  2 hounds
  A centaur skeleton (D:9)
  An orc wizard (Elf:3)
  An iguana (D:9)
  An adder (Lair:8)
  3 orcs
  A hobgoblin (D:9)
60 creatures vanquished.

Vanquished Creatures (others)
  An Executioner (Elf:3)
  A blizzard demon (Orc:4)
  3 green deaths
  2 deep elf high priests (Elf:3)
  An ogre mage (Abyss:1)
  An air elemental (Elf:3)
  An efreet (Slime:6)
  A fire elemental (Elf:3)
  4 jumping spiders
  3 redbacks
  5 trapdoor spiders
  A ynoxinul (Elf:3)
  2 golden eyes (Abyss:2)
  A starcursed mass (Abyss:1)
  An orc wizard (D:8)
  A shadow imp (Elf:3)
  6 ufetubi
  2 orcs
  A lurking horror (Abyss:2)
  3 butterflies (Elf:3)
  2 fungi
  3 starspawn tentacles (Abyss:2)
  3 starspawn tentacle segments (Abyss:2)
49 creatures vanquished.

Grand Total: 933 creatures vanquished

Notes
Turn   | Place    | Note
--------------------------------------------------------------
     0 | D:1      | 4tharraofdagon, the Deep Dwarf Fighter, began the quest for the Orb.
     0 | D:1      | Reached XP level 1. HP: 21/21 MP: 0/0
   183 | D:4      | Reached XP level 2. HP: 25/28 MP: 1/1
   205 | D:4      | Reached skill level 1 in Evocations
   284 | D:5      | Entered Level 5 of the Dungeon
   300 | D:4      | Reached XP level 3. HP: 30/36 MP: 2/2
   460 | D:5      | Found a staircase to the Ecumenical Temple.
   469 | Temple   | Entered the Ecumenical Temple
   486 | Temple   | Became a worshipper of Makhleb the Destroyer
   593 | D:6      | Reached XP level 4. HP: 29/43 MP: 2/4
   600 | D:6      | Noticed a phantom
   606 | D:6      | Noticed a giant frog
   613 | D:6      | Killed a giant frog
   613 | D:6      | Reached skill level 4 in Axes
   613 | D:6      | Reached XP level 5. HP: 24/50 MP: 3/6
   644 | D:6      | Killed a phantom
   703 | D:6      | Reached XP level 6. HP: 43/57 MP: 6/8
   747 | D:6      | Noticed Blork the orc
   750 | D:6      | Reached skill level 5 in Axes
   769 | D:6      | Killed Blork the orc
   780 | D:6      | Acquired Makhleb's first power
   833 | D:6      | Found a sand-covered staircase.
   839 | Ossuary  | Entered an ossuary
   902 | Ossuary  | Reached XP level 7. HP: 20/64 MP: 10/10
   909 | Ossuary  | Noticed 4tharraofdagon's ghost (average HaWn)
   926 | Ossuary  | Killed 4tharraofdagon's ghost
   926 | Ossuary  | Reached skill level 5 in Armour
   926 | Ossuary  | Reached skill level 5 in Evocations
   934 | Ossuary  | Reached skill level 6 in Axes
  1050 | Ossuary  | Acquired Makhleb's second power
  1256 | D:6      | Noticed a giant frog
  1257 | D:6      | Noticed a centaur
  1277 | D:6      | Killed a centaur
  1277 | D:6      | Reached XP level 8. HP: 29/73 MP: 13/13
  1283 | D:6      | Killed a giant frog
  1283 | D:6      | Reached skill level 7 in Axes
  1315 | D:6      | Noticed an ogre
  1324 | D:6      | HP: 1/73 [ogre/giant spiked club (21)]
  1327 | D:6      | Killed an ogre
  1468 | D:6      | Noticed a moth of wrath
  1470 | D:6      | Found a bloodstained altar of Trog.
  1663 | D:8      | Found Raef's Distillery.
  1667 | D:8      | Found Reirees' General Store.
  1672 | D:8      | Bought a potion of heal wounds for 48 gold pieces
  1703 | D:8      | Found Skatt's Gadget Shop.
  1730 | D:8      | Acquired Makhleb's third power
  1730 | D:8      | Reached skill level 5 in Fighting
  1730 | D:8      | Reached skill level 8 in Axes
  1759 | D:8      | Noticed Pikel
  1786 | D:8      | Killed Pikel
  1786 | D:8      | Gained mutation: You passively map the area around you. [level up]
  1786 | D:8      | Reached XP level 9. HP: 65/80 MP: 14/16
  1819 | D:8      | Bought a potion of mutation for 48 gold pieces
  1820 | D:8      | Gained mutation: You digest meat inefficiently. [potion of mutation]
  1820 | D:8      | Gained mutation: Your system is resistant to poisons. [potion of mutation]
  1820 | D:8      | Lost mutation: Your system is resistant to poisons. [potion of mutation]
  1843 | D:8      | Found a basalt altar of Yredelemnul.
  1950 | D:8      | Reached skill level 9 in Axes
  1966 | D:8      | Found Thrarogi's Food Emporium.
  1977 | D:8      | hurdos: oh, very hard to learn skills for Dg :)
  2099 | D:8      | Acquired Makhleb's fourth power
  2106 | D:8      | Got a steaming great sword
  2131 | D:8      | Found Broaff's Jewellery Boutique.
  2164 | D:8      | Bought an uncursed amulet of inaccuracy for 28 gold pieces
  2304 | D:9      | Reached skill level 10 in Axes
  2479 | D:9      | Reached XP level 10. HP: 34/90 MP: 17/17
  2741 | D:9      | Found Aphuxuvapt's Weapon Emporium.
  2793 | D:9      | Reached skill level 11 in Axes
  2856 | D:10     | Entered Level 10 of the Dungeon
  2915 | D:10     | Noticed a hill giant
  2928 | D:10     | Killed a hill giant
  2928 | D:10     | Reached skill level 10 in Evocations
  3004 | D:10     | Noticed a hill giant
  3019 | D:10     | Killed a hill giant
  3019 | D:10     | Acquired Makhleb's fifth power
  3113 | D:10     | Killed an unseen horror
  3157 | D:10     | Found Thikifro's Antique Weapon Shop.
  3288 | D:11     | Found a staircase to the Lair.
  3347 | D:11     | Got a dazzling helmet
  3357 | D:11     | Identified the cursed -5 helmet "Coxas" {rC++} (You found it on level 11 of the Dungeon)
  3363 | D:11     | Got a steaming ivory ring
  3380 | D:11     | Identified the ring of Sin {rElec AC+2} (You found it on level 11 of the Dungeon)
  3398 | D:11     | Paralysed by a giant eyeball for 3 turns
  3483 | D:12     | Noticed Sonja
  3527 | Lair:1   | Entered Level 1 of the Lair of Beasts
  3665 | Lair:1   | Noticed an oklob plant
  3770 | Lair:1   | Found a labyrinth entrance.
  3796 | Lab      | Entered a labyrinth
  4081 | Lab      | Noticed a minotaur
  4098 | Lab      | Paralysed by a minotaur for 7 turns
  4105 | Lab      | Killed a minotaur
  4105 | Lab      | Reached XP level 11. HP: 32/99 MP: 19/19
  4114 | Lab      | what a trash
  4158 | Lair:1   | Reached skill level 12 in Axes
  4226 | Lair:2   | Noticed an eight-headed hydra
  4239 | Lair:2   | Killed an eight-headed hydra
  4464 | Lair:3   | Identified a scroll of acquirement
  4465 | Lair:3   | Got a pitted buckler
  4476 | Lair:3   | Identified the +2 buckler "Khyoclomn" {Dex-5 Int-4 SInv} (You acquired it on level 3 of the Lair of Beasts)
  4515 | Lair:3   | hurdos: nice buckler :)
  4531 | Lair:4   | Found a staircase to the Swamp.
  4531 | Lair:4   | Noticed a swamp dragon
  4662 | Lair:5   | Reached skill level 10 in Armour
  4682 | Lair:6   | Noticed Rupert
  4693 | Lair:6   | Paralysed by Rupert for 2 turns
  4704 | Lair:6   | Killed Rupert
  4704 | Lair:6   | Reached skill level 13 in Axes
  4771 | Lair:7   | Reached XP level 12. HP: 103/109 MP: 21/21
  4824 | Lair:8   | Entered Level 8 of the Lair of Beasts
  4921 | Lair:8   | Reached skill level 14 in Axes
  4958 | Lair:8   | Noticed an eight-headed hydra
  4966 | Lair:8   | Killed an eight-headed hydra
  5141 | Lair:8   | Found a staircase to the Slime Pits.
  5218 | Lair:8   | Reached XP level 13. HP: 118/118 MP: 23/23
  5277 | Lair:8   | Gained mutation: You have sharp toenails. [potion of mutation]
  5277 | Lair:8   | Gained mutation: You occasionally shout uncontrollably. [potion of mutation]
  5442 | Lair:3   | Identified the Guide on Floating Combat Magic (You found it on level 3 of the Lair of Beasts)
  5447 | Lair:3   | Noticed an eight-headed hydra
  5521 | Lair:1   | Reached skill level 15 in Axes
  5685 | D:9      | Found a staircase to the Orcish Mines.
  5685 | D:9      | Found a roughly hewn altar of Beogh.
  5736 | Orc:1    | Entered Level 1 of the Orcish Mines
  5776 | Orc:4    | Entered Level 4 of the Orcish Mines
  5836 | Orc:4    | Found Doaqeosh's Antique Armour Shop.
  5836 | Orc:4    | Found a roughly hewn altar of Beogh.
  5858 | Orc:4    | Bought a pair of gauntlets for 27 gold pieces
  5858 | Orc:4    | Bought a glowing dwarven cloak for 27 gold pieces
  5921 | Orc:4    | Found a roughly hewn altar of Beogh.
  5975 | Orc:4    | Reached skill level 1 in Invocations
  5983 | Orc:4    | Found a roughly hewn altar of Beogh.
  5985 | Orc:4    | Found Shaewnumn's Magic Scroll Boutique.
  5993 | Orc:4    | Bought a scroll of blinking for 71 gold pieces
  5993 | Orc:4    | Bought a scroll of teleportation for 39 gold pieces
  5993 | Orc:4    | Bought a scroll of identify for 26 gold pieces
  6049 | Orc:4    | Found a roughly hewn altar of Beogh.
  6077 | Orc:4    | Noticed Fannar
  6079 | Orc:4    | Noticed Saint Roka
  6091 | Orc:4    | Killed Fannar
  6117 | Orc:4    | Killed Saint Roka
  6117 | Orc:4    | Reached skill level 10 in Fighting
  6156 | Orc:4    | Noticed an orc warlord
  6167 | Orc:4    | Noticed a balrug
  6173 | Orc:4    | Found a staircase to the Elven Halls.
  6188 | Elf:1    | Entered Level 1 of the Elven Halls
  6343 | Elf:3    | Entered Level 3 of the Elven Halls
  6385 | Elf:3    | Found Waefeum's General Store.
  6429 | Elf:3    | Found Imeog's Antique Weapon Boutique.
  6487 | Elf:3    | Found Smammyidiy's Gadget Shoppe.
  6495 | Elf:3    | Reached skill level 5 in Invocations
  6507 | Elf:3    | Noticed ark's ghost (mighty KoAs)
  6523 | Elf:3    | Reached skill level 16 in Axes
  6530 | Elf:3    | Killed ark's ghost
  6534 | Elf:3    | timbw: I tried using
  6537 | Elf:3    | timbw: only cacademon
  6541 | Elf:3    | timbw: to open slime 6
  6545 | Elf:3    | timbw: it works fine
  6549 | Elf:3    | Noticed a deep elf master archer
  6551 | Elf:3    | Noticed a deep elf demonologist
  6568 | Elf:3    | Killed a deep elf master archer
  6568 | Elf:3    | Gained mutation: You resist negative energy. [level up]
  6568 | Elf:3    | Reached XP level 14. HP: 66/129 MP: 25/25
  6589 | Elf:3    | Killed a deep elf demonologist
  6617 | Elf:3    | Noticed a deep elf demonologist
  6624 | Elf:3    | Cast into the Abyss (deep elf demonologist)
  6777 | Abyss:1  | Reached skill level 15 in Evocations
  6778 | Abyss:1  | Paralysed by accursed screaming for 1 turns
  6784 | Abyss:1  | Paralysed by accursed screaming for 1 turns
  6869 | Elf:3    | Escaped the Abyss
  6872 | Elf:3    | Killed a deep elf demonologist
  6918 | Elf:3    | Noticed a deep elf annihilator
  6920 | Elf:3    | Noticed a deep elf blademaster
  6920 | Elf:3    | Noticed a cacodemon
  6924 | Elf:3    | Killed a deep elf annihilator
  6925 | Elf:3    | Killed a cacodemon
  6931 | Elf:3    | Killed a deep elf blademaster
  6991 | Elf:3    | Noticed a deep elf master archer
  7048 | Elf:3    | Noticed a deep elf sorcerer
  7063 | Elf:3    | Killed a deep elf sorcerer
  7088 | Elf:3    | Killed a deep elf master archer
  7088 | Elf:3    | Reached skill level 17 in Axes
  7099 | Elf:3    | Noticed a deep elf sorcerer
  7101 | Elf:3    | Noticed a deep elf blademaster
  7165 | Elf:3    | Noticed a deep elf demonologist
  7178 | Elf:3    | Killed a deep elf sorcerer
  7179 | Elf:3    | Noticed a deep elf blademaster
  7190 | Elf:3    | Killed a deep elf blademaster
  7191 | Elf:3    | Killed a deep elf demonologist
  7240 | Elf:3    | Killed a deep elf blademaster
  7248 | Elf:3    | Noticed a deep elf sorcerer
  7257 | Elf:3    | Killed a deep elf sorcerer
  7262 | Elf:3    | Noticed a deep elf annihilator
  7286 | Elf:3    | Killed a deep elf annihilator
  7309 | Elf:3    | Noticed a deep elf master archer
  7330 | Elf:3    | Killed a deep elf master archer
  7369 | Elf:3    | Noticed a deep elf annihilator
  7370 | Elf:3    | Noticed a deep elf blademaster
  7370 | Elf:3    | Noticed a deep elf annihilator
  7410 | Elf:3    | Killed a deep elf blademaster
  7410 | Elf:3    | Reached XP level 15. HP: 71/139 MP: 25/25
  7415 | Elf:3    | Killed a deep elf annihilator
  7467 | Elf:3    | Noticed a deep elf annihilator
  7486 | Elf:3    | Killed a deep elf annihilator
  7490 | Elf:3    | Noticed a deep elf sorcerer
  7505 | Elf:3    | Killed a deep elf sorcerer
  7505 | Elf:3    | Reached skill level 18 in Axes
  7569 | Elf:3    | Got a crude battleaxe
  7585 | Elf:3    | Noticed a deep elf annihilator
  7602 | Elf:3    | Killed a deep elf annihilator
  7633 | Elf:3    | Noticed a deep elf sorcerer
  7647 | Elf:3    | Killed a deep elf sorcerer
  7660 | Elf:3    | Killed a deep elf annihilator
  7676 | Elf:3    | Noticed a deep elf blademaster
  7680 | Elf:3    | Noticed a deep elf sorcerer
  7681 | Elf:3    | Noticed a deep elf master archer
  7683 | Elf:3    | Noticed a deep elf annihilator
  7686 | Elf:3    | Killed a deep elf blademaster
  7687 | Elf:3    | Killed a deep elf annihilator
  7689 | Elf:3    | Noticed a deep elf demonologist
  7692 | Elf:3    | Killed a deep elf sorcerer
  7699 | Elf:3    | Killed a deep elf master archer
  7704 | Elf:3    | Cast into the Abyss (deep elf demonologist)
  7825 | Abyss:1  | Paralysed by an ogre mage for 4 turns
  7893 | Abyss:1  | Found a bloodstained altar of Trog.
  7980 | Abyss:2  | Found a corrupted altar of Lugonu.
  8047 | Abyss:2  | Noticed a revenant
  8069 | Abyss:2  | Killed a revenant
  8215 | Abyss:2  | Reached skill level 19 in Axes
  8387 | Elf:3    | Escaped the Abyss
  8394 | Elf:3    | Killed a deep elf demonologist
  8430 | Elf:3    | Got a pair of fine gloves
  8435 | Elf:3    | Identified the Compendium of the Boosting Compass (You found it on level 3 of the Elven Halls)
  8455 | Elf:3    | Noticed a deep elf demonologist
  8476 | Elf:3    | Killed a deep elf demonologist
  8501 | Elf:3    | Noticed a deep elf master archer
  8509 | Elf:3    | Noticed a deep elf annihilator
  8513 | Elf:3    | Killed a deep elf master archer
  8516 | Elf:3    | Killed a deep elf annihilator
  8526 | Elf:3    | Noticed a deep elf sorcerer
  8531 | Elf:3    | Killed a deep elf sorcerer
  8572 | Elf:3    | Noticed a deep elf blademaster
  8579 | Elf:3    | Killed a deep elf blademaster
  8579 | Elf:3    | Reached XP level 16. HP: 81/151 MP: 25/25
  8603 | Elf:3    | Got a flickering jade ring
  8632 | Elf:3    | Noticed a deep elf sorcerer
  8639 | Elf:3    | Killed a deep elf sorcerer
  8640 | Elf:3    | Noticed a deep elf annihilator
  8641 | Elf:3    | Killed a deep elf annihilator
  8675 | Elf:3    | Noticed a deep elf sorcerer
  8676 | Elf:3    | Noticed a deep elf demonologist
  8678 | Elf:3    | Killed a deep elf sorcerer
  8682 | Elf:3    | Noticed a deep elf annihilator
  8683 | Elf:3    | Killed a deep elf demonologist
  8687 | Elf:3    | Killed a deep elf annihilator
  8710 | Elf:3    | Identified the +2 pair of gloves of Beyond {Str-3 Dex+3} (You found it on level 3 of the Elven Halls)
  8762 | Elf:3    | Got a steaming glass ring
  8777 | Elf:3    | Identified the cursed -2,-2 battleaxe of the Dead {drain, Str+3 Dex+1} (You found it on level 3 of the Elven Halls)
  8777 | Elf:3    | Identified the cursed -2,-2 battleaxe of the Dead {drain, Str+3 Dex+1} (You found it on level 3 of the Elven Halls)
  8790 | Elf:3    | Got a pitted chain mail
  8798 | Elf:3    | timbw: hey man
  8799 | Elf:3    | Identified the Handbook of Good Luck and Dislocation (You found it on level 3 of the Elven Halls)
  8800 | Elf:3    | timbw: imma try
  8800 | Elf:3    | timbw: tree in tomb
  8800 | Elf:3    | 4tharraofdagon: what
  8800 | Elf:3    | timbw: if u wanna see
  8800 | Elf:3    | 4tharraofdagon: o
  8800 | Elf:3    | 4tharraofdagon: sure
  8892 | Elf:3    | Ladykiller69: HEY 4TH
  8892 | Elf:3    | Ladykiller69: WHATS UP
  8892 | Elf:3    | 4tharraofdagon: hey
  9017 | Elf:1    | Found Khiak's Magic Scroll Emporium.
  9033 | Elf:1    | Bought a scroll of teleportation for 42 gold pieces
  9033 | Elf:1    | Bought a scroll of fog for 28 gold pieces
  9033 | Elf:1    | Bought a scroll of teleportation for 42 gold pieces
  9033 | Elf:1    | Bought a scroll of identify for 28 gold pieces
  9033 | Elf:1    | Bought a scroll of identify for 28 gold pieces
  9033 | Elf:1    | Bought a scroll of identify for 28 gold pieces
  9036 | Elf:1    | Identified the cursed ring "Nimiatwu" {Str+3 Dex-3} (You found it on level 3 of the Elven Halls)
  9037 | Elf:1    | Identified the +2 chain mail "Qatoasi" {rN+} (You found it on level 3 of the Elven Halls)
  9037 | Elf:1    | Identified the ring of But Pag {SustAb rF+ Stlth} (You took it off a deep elf death mage on level 3 of the Elven Halls)
  9107 | Orc:4    | Killed an orc warlord
  9143 | Orc:4    | Found a roughly hewn altar of Beogh.
  9144 | Orc:4    | Found Psiafum's Antique Armour Boutique.
  9147 | Orc:4    | Found Wulellod's Antique Weapon Shop.
  9167 | Orc:4    | Bought a shiny golden helmet for 50 gold pieces
  9167 | Orc:4    | Bought a crude cloak for 120 gold pieces
  9167 | Orc:4    | Ladykiller69: shiny
  9168 | Orc:4    | Ladykiller69: :O
  9168 | Orc:4    | Ladykiller69: wheee
  9169 | Orc:4    | Ladykiller69: I liek shiny
  9173 | Orc:4    | Identified the cursed -1 cloak of Ranura {Dex+2 Stlth++} (You bought it in a shop on level 4 of the Orcish Mines)
  9238 | Orc:4    | Ladykiller69: buy it
  9238 | Orc:4    | Bought a scroll of remove curse for 39 gold pieces
  9238 | Orc:4    | Bought a scroll of remove curse for 39 gold pieces
  9238 | Orc:4    | Bought a scroll of remove curse for 39 gold pieces
  9238 | Orc:4    | Bought a scroll of magic mapping for 45 gold pieces
  9238 | Orc:4    | Bought a scroll of acquirement for 676 gold pieces
  9239 | Orc:4    | Ladykiller69: get it
  9239 | Orc:4    | Ladykiller69: more money
  9239 | Orc:4    | Ladykiller69: so you can buy mor
  9242 | Orc:4    | timbw: wand of hasting?
  9313 | Orc:4    | Ladykiller69: holy shit
  9330 | Orc:4    | Ladykiller69: does he have a manual
  9358 | Orc:4    | 4tharraofdagon: yapo
  9377 | Orc:4    | Ladykiller69: oh dayum
  9380 | Orc:4    | Ladykiller69: *jelly*
  9380 | Orc:4    | timbw: hm
  9380 | Orc:4    | timbw: pearl
  9522 | Orc:2    | Found a deep blue altar of Sif Muna.
  9732 | Orc:2    | Found a roughly hewn altar of Beogh.
  9976 | D:8      | Bought a bread ration for 52 gold pieces
  9976 | D:8      | Bought a meat ration for 52 gold pieces
  9976 | D:8      | Bought a bread ration for 52 gold pieces
  9976 | D:8      | Bought a meat ration for 52 gold pieces
 10019 | D:8      | Bought an uncursed ring of teleport control for 700 gold pieces
 10079 | D:8      | Bought a potion of might for 40 gold pieces
 10079 | D:8      | Bought a potion of agility for 40 gold pieces
 10079 | D:8      | Bought a potion of curing for 32 gold pieces
 10079 | D:8      | Bought a potion of resistance for 112 gold pieces
 10079 | D:8      | Bought a potion of restore abilities for 48 gold pieces
 10079 | D:8      | Bought a potion of curing for 32 gold pieces
 10079 | D:8      | Bought a potion of restore abilities for 48 gold pieces
 10079 | D:8      | Bought a potion of restore abilities for 48 gold pieces
 10079 | D:8      | Bought 2 potions of curing for 64 gold pieces
 10089 | D:8      | Bought a scroll of remove curse for 48 gold pieces
 10415 | Lair:5   | Reached skill level 15 in Armour
 10668 | Slime:1  | Entered Level 1 of the Pits of Slime
 10672 | Slime:2  | Noticed an acid blob
 10685 | Slime:2  | Killed an acid blob
 10690 | Slime:2  | Gained mutation: Space occasionally distorts in your vicinity. [a shining eye]
 10794 | Slime:4  | Paralysed by a giant eyeball for 2 turns
 10821 | Slime:5  | Noticed an acid blob
 10838 | Slime:5  | Killed an acid blob
 10838 | Slime:5  | Reached skill level 20 in Axes
 10842 | Slime:6  | Entered Level 6 of the Pits of Slime
 10872 | Slime:6  | Noticed an acid blob
 10883 | Slime:6  | Killed an acid blob
 10884 | Slime:6  | Gained mutation: Armour fits poorly on your strangely shaped body. [a shining eye]
 10904 | Slime:6  | holy fuck
 10904 | Slime:6  | 4tharraofdagon: fuck
 10904 | Slime:6  | timbw: lets hope for maxwells
 10906 | Slime:6  | 4tharraofdagon: what is maxwell
 10906 | Slime:6  | timbw: armour with -tele
 10906 | Slime:6  | timbw: +15 plate
 10906 | Slime:6  | 4tharraofdagon: oh
 10915 | Slime:6  | Noticed the royal jelly
 10924 | Slime:6  | Noticed an acid blob
 10933 | Slime:6  | Killed an acid blob
 10934 | Slime:6  | Noticed an acid blob
 10942 | Slime:6  | HP: 6/151 [acid blob[the royal jelly] (18)]
 10942 | Slime:6  | Mangled by the royal jelly

Action                   |  1- 3 |  4- 6 |  7- 9 | 10-12 | 13-15 | 16-18 || total
-------------------------+-------+-------+-------+-------+-------+-------++-------
Melee: Hand axe          |    87 |   113 |   184 |       |       |       ||   384
       War axe           |       |       |   240 |   453 |   375 |       ||  1068
       Broad axe         |       |       |       |       |   466 |     7 ||   473
       Executioner's axe |       |       |       |       |    28 |       ||    28
       Battleaxe         |       |       |       |       |       |   388 ||   388
Invok: Lesser Servant of |       |       |       |     1 |     6 |       ||     7
       Greater Servant o |       |       |       |       |     8 |       ||     8
 Abil: Device Recharging |       |     1 |     3 |     1 |     2 |       ||     7
Evoke: Wand              |     1 |     3 |    16 |    14 |    33 |     7 ||    74
       sack of spiders   |       |       |     1 |     4 |     3 |     2 ||    10
       lamp of fire      |       |       |       |       |     5 |     3 ||     8
       fan of gales      |       |       |       |       |     1 |       ||     1
       bottled efreet    |       |       |       |       |       |     2 ||     2
  Use: Potion            |     1 |       |     1 |     7 |     7 |     2 ||    18
       Scroll            |     2 |       |     5 |    19 |    16 |    10 ||    52
 Stab: Confused          |       |       |       |     1 |       |       ||     1
       Distracted        |       |       |       |     1 |     6 |       ||     7
       Held in net/web   |       |       |       |       |     1 |       ||     1
